AoeStats
← PoofyCastle58

Arabia

504052816Analyzed
1v1 RM · 1mo ago on Sep 3, 2026· 34m 32s· 2 players
Game mode
Random Map
Map size
Tiny (2 player)
Population
200
Speed
Normal
Resources
Standard
Victory
Conquest
Starting age
Dark Age
Ending age
Imperial Age
RankedLock teamsTeams togetherTeam positionsShared explorationLock speedFull tech treeHidden civsTurbo modeCheats
Victory
Defeat
🇺🇸 Mapuche · United States
788
+15
🇪🇸 Vietnamese · Spain
766
-15
gonzribe
2:06 Loom
10:36 Feudal Age
11:13 Double-Bit Axe
21:56 Castle Age
20:19 Fletching
20:30 Padded Archer Armor
22:05 Stone Mining
23:35 Bodkin Arrow
23:56 Leather Archer Armor
30:37 Thumb Ring
30:26 Elite Skirmisher
31:15 Thumb Ring
PoofyCastle58
8:41 Loom
10:58 Feudal Age
12:16 Double-Bit Axe
17:00 Fletching
19:07 Horse Collar
19:18 Gold Mining
20:34 Wheelbarrow
24:42 Castle Age
25:26 Bodkin Arrow
24:54 Elite Skirmisher
26:43 Bow Saw
26:34 Heavy Plow
27:11 Gold Shaft Mining
27:51 Padded Archer Armor
29:17 Malon
31:57 Ballistics
34:58 Stone Mining
Connection lost

Rejoining the realm…

Still unreachable

The connection could not be restored.

Session expired

The server has moved on; the page needs a fresh start.